 Dungeon Sprint DCSS version 0.29-a0-993-g4a18f31a58 (webtiles) character file.

Game seed: 2074139062802918664

114 Hubris850 the Transmogrifier (level 4, -15/48 HPs)
             Began as a Merfolk Transmuter on Aug 2, 2022.
             Was a Believer of Makhleb.
             Demolished by an orc warrior
             ... wielding a +0 trident
              (17 damage)
             ... in the Dungeon (Sprint VII: "The Pits").
             The game lasted 00:01:34 (268 turns).

Hubris850 the Transmogrifier (Merfolk Transmuter)    Turns: 268, Time: 00:01:35

Health: -15/48     AC:  2    Str: 10    XL:     4   Next: 97%
Magic:  5/12       EV: 12    Int: 14    God:    Makhleb [**....]
Gold:   0          SH:  0    Dex: 14    Spells: 12/15 levels left

rFire   . . .      SeeInvis .     - Unarmed
rCold   . . .      Faith    .   (no shield)
rNeg    . . .      Spirit   .   a - +0 robe
rPois   .          Reflect  .   (no helmet)
rElec   .          Harm     .   (no cloak)
rCorr   .          Rampage  .   (no gloves)
Will    .....      NoTele   +   (no boots)
Stlth   ..........              (no amulet)
HPRegen 0.16/turn               (no ring)
MPRegen 0.13/turn               (no ring)

@: berserking, very quick
A: (nimble swimmer 2), mertail
a: Renounce Religion, Minor Destruction


You were in the Dungeon.
You worshipped Makhleb.
Makhleb was pleased with you.
You visited 1 branch

Inventory:

Armour
 a - a +0 robe (worn)
Scrolls
 h - a scroll of blinking
 j - 5 scrolls of amnesia
 k - a scroll of summoning
Potions
 b - a potion of lignification
 c - a potion of curing
 d - a potion of heal wounds
 e - a potion of haste
 f - 4 potions of magic
 g - 2 potions of berserk rage
 i - 2 potions of invisibility


   Skills:
 - Level 1.1 Fighting
 - Level 2.6 Dodging
 - Level 3.2 Unarmed Combat
 + Level 6.3 Spellcasting
 + Level 9.0 Transmutations
 * Level 0.5 Ice Magic


You had 12 spell levels left.
You knew the following spells:

 Your Spells              Type           Power      Damage    Failure   Level
a - Beastly Appendage     Tmut           58%        N/A       1%          1
b - Wereblood             Tmut           29%        N/A       1%          2

Your spell library contained the following spells:

 Spells                   Type           Power      Damage    Failure   Level
 Spider Form              Tmut/Pois      17%        N/A       7%          3
 Ice Form                 Ice/Tmut       17%        N/A       22%         4


Dungeon Overview and Level Annotations

Branches:
Dungeon (1/1)

Altars:
Ashenzari
Cheibriados
Dithmenos
Elyvilon
Fedhas
Gozag
Hepliaklqana
Kikubaaqudgha
Makhleb
Nemelex Xobeh
Okawaru
Qazlal
Ru
Sif Muna
Trog
Uskayaw
Vehumet
Wu Jian
Xom
Yredelemnul
Zin
The Shining One
Jiyva
Lugonu


Innate Abilities, Weirdness & Mutations

((You are very nimble when in or above water. (Stealth+, EV+, Speed+++)))
Your lower body shifts to a powerful aquatic tail in water.


Message History

The orc is severely wounded.
A jackal comes into view.
The orc wizard misses you. The orc warrior barely misses you.
The orc hits you with a +0 mace.
There is an open door, spattered with blood here.
Things that are here:
a jackal corpse; a jackal corpse; a bat corpse You hit the orc warrior but do no damage.
Your headbutt misses the orc warrior.
You howl as the wereblood boils in your veins!
Your horns disappear.
The orc wizard hits you with a +0 dagger.
The orc closely misses you. The orc warrior completely misses you.
The orc wizard points at you and mumbles some strange words.
The magic dart hits you!
You hit the orc warrior.
The orc warrior is lightly wounded.
The orc warrior closely misses you. The orc closely misses you.
The orc wizard hits you with a +0 dagger. x2
* * * LOW HITPOINT WARNING * * *
Unknown command.
A red film seems to cover your vision as you go berserk!
You feel yourself moving faster!
You feel mighty!
The orc wizard hits you with a +0 dagger.
* * * LOW HITPOINT WARNING * * *
The orc wizard hits you with a +0 dagger.
* * * LOW HITPOINT WARNING * * *
The orc hits you with a +0 mace!
* * * LOW HITPOINT WARNING * * *
The orc warrior closely misses you.
You barely miss the orc warrior.
The orc warrior is lightly wounded.
You closely miss the orc warrior.
The orc warrior is lightly wounded.
You howl as the wereblood boils in your veins!
Your primal bloodlust has ended.
The orc wizard casts a spell at you. You resist with some effort.
The orc misses you.
The orc warrior hits you with a +0 trident!
You die...

##########'##........
#.?(.')))'.##......#.
##########.##........
#...........†........
#+#####'#####......#.
#...#.# #........
#..)#.# ####'####
#.o)'.# #.......#
##@#### #.......#
#ooo..# #.......#
#.h...# #...<...#
#....... #.......#
#........##.......#
###########.......#
#########


You could see an orc warrior, 2 orc wizards, an orc and a jackal.

Vanquished Creatures
  A floating eye (D)
  2 orcs (D)
  2 bats (D)
  An endoplasm (D)
  A goblin (D)
  3 jackals (D)
  A quokka (D)
11 creatures vanquished.

Notes
Turn   | Place    | Note
-------+----------+-------------------------------------------
     0 | D        | Hubris850 the Merfolk Transmuter began the quest for the
                  | Orb.
     0 | D        | Reached XP level 1. HP: 15/15 MP: 3/3
    14 | D        | Reached skill level 3 in Transmutations
    61 | D        | Found a bloodstained altar of Trog.
    61 | D        | Found a shimmering blue altar of Sif Muna.
    61 | D        | Found a viscous altar of Jiyva.
    61 | D        | Found a hazy altar of Hepliaklqana.
    61 | D        | Found an opulent altar of Gozag.
    62 | D        | Found a glowing golden altar of the Shining One.
    62 | D        | Found a glowing silver altar of Zin.
    62 | D        | Found a basalt altar of Yredelemnul.
    62 | D        | Found a shimmering altar of Xom.
    62 | D        | Found an ornate altar of the Wu Jian Council.
    62 | D        | Found a sacrificial altar of Ru.
    62 | D        | Found a stormy altar of Qazlal.
    62 | D        | Found an iron altar of Okawaru.
    62 | D        | Found a sparkling altar of Nemelex Xobeh.
    62 | D        | Found a burning altar of Makhleb.
    62 | D        | Found a blossoming altar of Fedhas.
    62 | D        | Found a white marble altar of Elyvilon.
    62 | D        | Found a shadowy altar of Dithmenos.
    62 | D        | Found a snail-covered altar of Cheibriados.
    63 | D        | Found a radiant altar of Vehumet.
    63 | D        | Found a corrupted altar of Lugonu.
    64 | D        | Found an ancient bone altar of Kikubaaqudgha.
    64 | D        | Found a hide-covered altar of Uskayaw.
    64 | D        | Found a broken altar of Ashenzari.
    70 | D        | Became a worshipper of Makhleb the Destroyer
    92 | D        | Reached skill level 4 in Transmutations
   103 | D        | Reached * piety under Makhleb
   105 | D        | Reached XP level 2. HP: 11/21 MP: 3/6
   110 | D        | Learned a level 2 spell: Wereblood
   248 | D        | Reached ** piety under Makhleb
   254 | D        | Noticed a floating eye
   256 | D        | Killed a floating eye
   257 | D        | Reached skill level 8 in Transmutations
   257 | D        | Reached XP level 3. HP: 26/26 MP: 4/10
   257 | D        | Reached XP level 4. HP: 32/32 MP: 4/12
   260 | D        | Reached skill level 9 in Transmutations
   262 | D        | Noticed an orc warrior
   266 | D        | HP: 2/48 [orc/+0 mace (7)]
   268 | D        | Demolished by an orc warrior

Illustrated notes

Levels and vault maps discovered:
D:        pitsprint [storerooms_1, entrance_room_1, metal_vault_1, armoury_1,
          mini_pit_1, grid_room_1, main_hall_1, silver_pit, the_coven_1,
          the_vestibule_1, steel_vault_5, golden_pit, hallway_of_sentries,
          crystal_vault_1, iron_vault_1, final_vault]

Skill      XL: |  1  2  3  4 |
---------------+-------------+-----
Transmutations | 4 8 9 |  9.0
Spellcasting   | 3 6 |  6.3
Fighting       | |  1.1
Dodging        | |  2.6
Unarmed Combat | |  3.2
Ice Magic      | |  0.5

Action                   |  1- 3 |  4- 6 || total
-------------------------+-------+-------++-------
Melee: Unarmed           |    28 |    10 ||    38
       Headbutt          |     5 |       ||     5
 Cast: Beastly Appendage |     4 |       ||     4
       Wereblood         |     1 |       ||     1
  Use: Potion            |       |     1 ||     1
 Stab: Sleeping          |     1 |       ||     1
Armor: Robe              |    10 |     1 ||    11
Dodge: Dodged            |    15 |    10 ||    25

Table legend: (Time is in decaauts)
 A = Elapsed time spent in this place.
 B = Non-inter-level travel time spent in this place.
 C = Inter-level travel time spent in this place.
 D = Time resting spent in this place.
 E = Time spent auto-exploring this place.
 F = Levels seen in this place.
 G = Mean time per level.
                   A        B        C        D        E       F      G
               +--------+--------+--------+--------+--------+-----+--------+
         Total |    265 |    265 |      0 |    153 |      0 |   1 |  265.0 |
       Dungeon |    265 |    265 |      0 |    153 |      0 |   1 |  265.0 |
               +--------+--------+--------+--------+--------+-----+--------+

Top non-repeatable levels by time:
       D: 265 daAuts
